General information
- name: BNet
- type: Ladder team game (AT/RT)
- host: Battle.net
- saver: DanielCormier
map: TwilightRuins_LV
- players: 8
- length: 17:06
- speed: Fast
- version: 1.30 W3XP
- replay type: Public
» download(184 KB)
Players
team 1 (winner)
DanielCormier (
teal | 157 APM | 2691 actions | 17:06)
6 Far Seer
3 Feral Spirit
2 Chain Lighting
1 Earth Quake
5 Shadow Hunter
3 Hex
2 Healing Wave
» actions
| Assign group hotkey | 38 | |
| Basic commands | 192 | |
| Build / train | 64 | |
| ESC pressed | 1 | |
| Enter build submenu | 10 | |
| Enter hero's abilities submenu | 11 | |
| Give item / drop item | 2 | |
| Right click | 1216 | |
| Select / deselect | 613 | |
| Select group hotkey | 458 | |
| Use ability | 86 | |
2691 total
» units
| Peon | 6 | |
| Troll Headhunter/Berserker | 23 | |
29 total
» upgrades
| Ranged Weapons | 2 | |
| Troll Regeneration | 1 | |
| Berserker Upgrade | 1 | |
| Armor | 3 | |
7 total
» buildings
| Altar of Storms | 1 | |
| War Mill | 1 | |
| Barracks | 2 | |
| Orc Burrow | 4 | |
| Voodoo Lounge | 1 | |
| Stronghold | 1 | |
| Fortress | 1 | |
| Great Hall | 1 | |
12 total
» build order
00:03 Altar of Storms
00:05 War Mill
00:27 Barracks
01:06 Orc Burrow
01:55 Voodoo Lounge
02:20 Orc Burrow
03:37 Stronghold
04:56 Orc Burrow
07:14 Fortress
07:51 Orc Burrow
12:17 Great Hall
15:34 Barracks
» items
| Lesser Clarity Potion | 3 | |
| Healing Salve | 3 | |
| Boots of Speed | 1 | |
| Potion of Mana | 3 | |
| Scroll of Town Portal | 1 | |
| Orb of Lightning | 1 | |
12 total

»
faast (
blue | 36 APM | 607 actions | 17:05)
3 Archmage
1 Summon Water Elemental
2 Brilliance Aura
2 Mountain King
1 Storm Bolt
1 Bash
» actions
| Basic commands | 5 | |
| Build / train | 53 | |
| Enter build submenu | 24 | |
| Enter hero's abilities submenu | 5 | |
| Right click | 197 | |
| Select / deselect | 274 | |
| Use ability | 49 | |
607 total
» units
| Peasant | 6 | |
| Footman | 6 | |
| Goblin Shredder | 1 | |
| Rifleman | 5 | |
| Siege Engine | 3 | |
| Knight | 2 | |
23 total
» upgrades
| Defend | 1 | |
| Swords | 1 | |
| Plating | 3 | |
| Gunpowder | 3 | |
| Masonry | 3 | |
| Barrage | 1 | |
| Animal War Training | 1 | |
13 total
» buildings
| Altar of Kings | 1 | |
| Barracks | 1 | |
| Farm | 7 | |
| Scout Tower | 11 | |
| Arcane Tower | 3 | |
| Blacksmith | 1 | |
| Lumber Mill | 1 | |
| Keep | 1 | |
| Arcane Vault | 1 | |
| Guard Tower | 4 | |
| Town Hall | 1 | |
| Castle | 1 | |
| Workshop | 2 | |
35 total
» build order
00:07 Altar of Kings
00:12 Barracks
00:20 Farm
00:49 Farm
01:38 Farm
02:20 Scout Tower
02:24 Scout Tower
03:25 Arcane Tower
03:28 Farm
03:32 Blacksmith
04:13 Farm
06:18 Lumber Mill
07:33 Keep
07:52 Arcane Vault
08:26 Farm
08:44 Scout Tower
09:33 Guard Tower
09:52 Town Hall
10:02 Castle
10:11 Scout Tower
10:11 Scout Tower
10:50 Guard Tower
10:53 Scout Tower
11:03 Workshop
11:26 Guard Tower
11:28 Scout Tower
11:29 Scout Tower
12:02 Arcane Tower
12:07 Workshop
12:50 Scout Tower
12:50 Scout Tower
13:18 Farm
13:25 Guard Tower
13:29 Scout Tower
15:11 Arcane Tower
» items
kubanacan (
yellow | 44 APM | 747 actions | 17:05)
4 Mountain King
2 Storm Bolt
2 Bash
1 Paladin
1 Holy Light
» actions
| Assign group hotkey | 19 | |
| Build / train | 69 | |
| Enter build submenu | 32 | |
| Enter hero's abilities submenu | 5 | |
| Give item / drop item | 6 | |
| Remove unit from queue | 1 | |
| Right click | 252 | |
| Select / deselect | 175 | |
| Select group hotkey | 133 | |
| Use ability | 55 | |
747 total
» units
| Peasant | 12 | |
| Footman | 7 | |
| Goblin Shredder | 1 | |
| Knight | 5 | |
| Siege Engine | 6 | |
| Priest | 3 | |
34 total
» upgrades
| Masonry | 2 | |
| Lumber Harvesting | 1 | |
| Gunpowder | 3 | |
| Plating | 1 | |
| Barrage | 1 | |
| Priest Training | 2 | |
| Animal War Training | 1 | |
11 total
» buildings
| Barracks | 1 | |
| Altar of Kings | 1 | |
| Farm | 13 | |
| Arcane Vault | 1 | |
| Lumber Mill | 1 | |
| Town Hall | 1 | |
| Scout Tower | 9 | |
| Guard Tower | 5 | |
| Keep | 1 | |
| Blacksmith | 1 | |
| Castle | 1 | |
| Workshop | 2 | |
| Arcane Sanctum | 1 | |
38 total
» build order
00:53 Barracks
01:08 Altar of Kings
01:23 Farm
01:39 Farm
02:01 Farm
02:15 Arcane Vault
02:19 Farm
02:59 Farm
04:03 Lumber Mill
04:27 Town Hall
04:31 Scout Tower
04:33 Scout Tower
04:36 Scout Tower
04:38 Scout Tower
05:21 Guard Tower
06:16 Keep
08:19 Blacksmith
08:32 Farm
08:35 Farm
08:38 Castle
09:40 Workshop
09:43 Workshop
09:46 Arcane Sanctum
09:54 Farm
10:00 Farm
10:42 Farm
12:01 Farm
12:04 Scout Tower
12:05 Scout Tower
12:09 Scout Tower
12:34 Guard Tower
12:45 Scout Tower
12:47 Guard Tower
13:22 Guard Tower
13:25 Scout Tower
13:57 Guard Tower
14:06 Farm
14:43 Farm
» items
| Scroll of Regeneration | 3 | |
| Lesser Clarity Potion | 2 | |
| Claws of Attack +6 | 1 | |
| Potion of Invulnerability | 1 | |
| Scroll of the Beast | 1 | |
| Orb of Fire | 1 | |
9 total
Newbs (
green | 38 APM | 646 actions | 17:05)
4 Blademaster
2 Wind Walk
2 Critical Strike
» actions
| Basic commands | 17 | |
| Build / train | 65 | |
| Enter build submenu | 17 | |
| Enter hero's abilities submenu | 4 | |
| Give item / drop item | 3 | |
| Remove unit from queue | 1 | |
| Right click | 252 | |
| Select / deselect | 218 | |
| Use ability | 69 | |
646 total
» units
| Peon | 11 | |
| Shaman | 4 | |
| Raider | 7 | |
| Troll Batrider | 11 | |
| Tauren | 2 | |
35 total
» upgrades
| Melee Weapons | 3 | |
| Spiked Barricades | 2 | |
| Armor | 3 | |
| Reinforced Defenses | 1 | |
| Shaman Training | 2 | |
| Pillage | 1 | |
| Ensnare | 1 | |
| Pulverize | 1 | |
| Liquid Fire | 1 | |
15 total
» buildings
| War Mill | 1 | |
| Altar of Storms | 1 | |
| Orc Burrow | 6 | |
| Voodoo Lounge | 1 | |
| Stronghold | 1 | |
| Watch Tower | 1 | |
| Fortress | 1 | |
| Spirit Lodge | 1 | |
| Beastiary | 2 | |
| Tauren Totem | 2 | |
17 total
» build order
00:29 War Mill
00:41 Altar of Storms
00:58 Orc Burrow
01:52 Voodoo Lounge
02:00 Orc Burrow
02:57 Orc Burrow
03:19 Stronghold
03:52 Watch Tower
04:59 Orc Burrow
05:59 Fortress
06:02 Spirit Lodge
07:23 Beastiary
07:27 Beastiary
10:43 Orc Burrow
11:43 Orc Burrow
11:57 Tauren Totem
12:19 Tauren Totem
» items
| Healing Salve | 3 | |
| Boots of Speed | 1 | |
| Circlet of Nobility | 2 | |
| Orb of Lightning | 1 | |
7 total
team 2 (loser)

»
Slowky (
pink | 89 APM | 1450 actions | 16:16)
3 Archmage
2 Summon Water Elemental
1 Brilliance Aura
1 Far Seer
1 Feral Spirit
1 Tauren Chieftain
1 War Stomp
» actions
| Assign group hotkey | 35 | |
| Basic commands | 65 | |
| Build / train | 67 | |
| ESC pressed | 1 | |
| Enter build submenu | 40 | |
| Enter hero's abilities submenu | 5 | |
| Remove unit from queue | 2 | |
| Right click | 670 | |
| Select / deselect | 369 | |
| Select group hotkey | 133 | |
| Use ability | 63 | |
1450 total
» units
| Peasant | 14 | |
| Footman | 1 | |
| Peon | 7 | |
| Rifleman | 1 | |
| Grunt | 10 | |
| Gryphon Rider | 5 | |
| Shaman | 1 | |
39 total
» upgrades
| Lumber Harvesting | 2 | |
| Swords | 2 | |
| Melee Weapons | 2 | |
| Armor | 2 | |
| Storm Hammers | 1 | |
| Animal War Training | 1 | |
| Berserker Strength | 1 | |
| Shaman Training | 1 | |
12 total
» buildings
| Altar of Kings | 1 | |
| Farm | 8 | |
| Barracks | 3 | |
| Arcane Vault | 2 | |
| Blacksmith | 1 | |
| Altar of Storms | 1 | |
| Orc Burrow | 4 | |
| Keep | 1 | |
| Lumber Mill | 1 | |
| Scout Tower | 2 | |
| Arcane Tower | 1 | |
| Stronghold | 1 | |
| Castle | 1 | |
| Gryphon Aviary | 2 | |
| War Mill | 1 | |
| Voodoo Lounge | 1 | |
| Watch Tower | 2 | |
| Guard Tower | 1 | |
| Fortress | 1 | |
| Spirit Lodge | 2 | |
37 total
» build order
00:08 Altar of Kings
00:11 Farm
00:12 Farm
00:15 Farm
00:25 Barracks
01:42 Arcane Vault
02:10 Blacksmith
02:43 Altar of Storms
02:47 Orc Burrow
02:50 Barracks
03:09 Keep
03:11 Lumber Mill
03:59 Scout Tower
04:49 Arcane Tower
06:39 Orc Burrow
06:42 Orc Burrow
06:50 Stronghold
07:04 Castle
07:10 Gryphon Aviary
07:14 Gryphon Aviary
07:28 War Mill
08:09 Voodoo Lounge
09:19 Arcane Vault
09:31 Farm
09:32 Farm
09:41 Farm
09:42 Scout Tower
10:02 Orc Burrow
10:04 Watch Tower
10:04 Watch Tower
10:50 Guard Tower
10:56 Farm
10:58 Farm
12:29 Fortress
12:32 Spirit Lodge
12:35 Spirit Lodge
15:31 Barracks

»
Splinted (
red | 58 APM | 997 actions | 17:05)
3 Priestess of the Moon
2 Trueshot Aura
1 Scout
1 Keeper of the Grove
1 Entangling Roots
» actions
| Assign group hotkey | 13 | |
| Basic commands | 74 | |
| Build / train | 48 | |
| Enter build submenu | 20 | |
| Enter hero's abilities submenu | 4 | |
| Right click | 417 | |
| Select / deselect | 233 | |
| Select group hotkey | 137 | |
| Use ability | 51 | |
997 total
» units
| Wisp | 13 | |
| Archer | 8 | |
| Peon | 3 | |
| Druid of the Talon | 4 | |
| Mountain Giant | 2 | |
30 total
» upgrades
| Strength of the Moon | 2 | |
| Moon Armor | 2 | |
| Improved Bows | 1 | |
5 total
» buildings
| Altar of Elders | 1 | |
| Moon Well | 8 | |
| Ancient of War | 2 | |
| Hunter's Hall | 1 | |
| Tree of Ages | 1 | |
| Ancient of Wind | 2 | |
| Ancient of Lore | 1 | |
| Ancient of Wonders | 2 | |
| Orc Burrow | 1 | |
| Tree of Eternity | 2 | |
21 total
» build order
00:06 Altar of Elders
00:16 Moon Well
01:17 Ancient of War
01:18 Ancient of War
01:56 Moon Well
01:59 Moon Well
03:41 Moon Well
04:53 Moon Well
05:06 Hunter's Hall
06:06 Tree of Ages
09:19 Ancient of Wind
09:22 Ancient of Wind
10:49 Ancient of Lore
10:53 Ancient of Wonders
11:43 Orc Burrow
12:10 Ancient of Wonders
12:12 Moon Well
12:14 Moon Well
12:15 Moon Well
14:45 Tree of Eternity
14:46 Tree of Eternity
» items
| Lesser Clarity Potion | 1 | |
| Staff of Sanctuary | 1 | |
| Scroll of Town Portal | 1 | |
3 total

»
MH4704 (
purple | 70 APM | 1096 actions | 15:42)
5 Death Knight
2 Death Coil
2 Unholy Aura
1 Death Pact
» actions
| Assign group hotkey | 31 | |
| Basic commands | 43 | |
| Build / train | 42 | |
| ESC pressed | 5 | |
| Enter build submenu | 19 | |
| Enter hero's abilities submenu | 6 | |
| Give item / drop item | 1 | |
| Remove unit from queue | 2 | |
| Right click | 578 | |
| Select / deselect | 175 | |
| Select group hotkey | 159 | |
| Use ability | 35 | |
1096 total
» units
| Acolyte | 3 | |
| Ghoul | 10 | |
| Gargoyle | 8 | |
| Goblin Sapper | 1 | |
| Obsidian Statue | 1 | |
| Abomination | 1 | |
24 total
» upgrades
» buildings
| Altar of Darkness | 1 | |
| Ziggurat | 6 | |
| Crypt | 2 | |
| Tomb of Relics | 1 | |
| Nerubian Tower | 2 | |
| Halls of the Dead | 1 | |
| Graveyard | 1 | |
| Spirit Tower | 1 | |
| Slaughterhouse | 2 | |
| Black Citadel | 1 | |
18 total
» build order
00:14 Altar of Darkness
00:23 Ziggurat
00:39 Crypt
01:07 Ziggurat
01:35 Ziggurat
02:12 Tomb of Relics
02:23 Nerubian Tower
03:47 Halls of the Dead
04:32 Graveyard
05:07 Ziggurat
05:28 Crypt
07:44 Ziggurat
08:01 Ziggurat
08:42 Spirit Tower
08:59 Nerubian Tower
10:42 Slaughterhouse
10:44 Slaughterhouse
12:50 Black Citadel
» items
| Boots of Speed | 1 | |
| Potion of Healing | 1 | |
| Scroll of Town Portal | 1 | |
3 total
Chat log
(00:10 / All) Newbs: gg
(00:34 / Allies) faast: nebws , you are always online
(00:36 / Allies) Newbs: they rushing
(00:47 / Allies) Newbs: nope
(00:54 / Allies) Newbs: you are
(01:04 / Allies) Newbs: blue WC addict
(01:08 / Allies) faast: are you an intern at a facility?
(01:25 / Allies) Newbs: I am your Master
(01:34 / Allies) faast: master-bator
(02:31 / Allies) Newbs: yall seen teal cry on tv?
(02:39 / Allies) DanielCormier: cmon bro
(03:10 / Allies) Newbs: you allright teal
(04:49 / Allies) Newbs: newbs
(07:34 / Allies) Newbs: again teal
(07:35 / Allies) Newbs: enter
(07:37 / Allies) DanielCormier: clarity
(07:40 / Allies) faast: thats what she said
(09:16 / Allies) Newbs: newb allies teal, we doing all the carrying
(09:22 / Allies) Newbs: yellow and blue are low iq gimps
(09:42 / Allies) Newbs: retarded allies
(09:51 / Allies) DanielCormier: atleast he has an expo
(10:05 / Allies) Newbs: dont mean nothing
(10:08 / Allies) Newbs: if gets attacked
(10:10 / Allies) Newbs: he dead
(15:35 / Allies) Newbs: we carried our team teal
(15:56 / All) Slowky: gg
(16:02 / All) Newbs: gg